 Dungeon Crawl Stone Soup version 0.29.0-5-ge4962eb29e (webtiles) character file.

Game seed: 16048391356865507475

62 gelatine the Stinger (level 3, 0/24 HPs)
             Began as a Demonspawn Venom Mage on Aug 28, 2022.
             Was a Believer of Kikubaaqudgha.
             Slain by a ball python (1 damage)
             ... on level 3 of the Dungeon.
             The game lasted 00:05:50 (2237 turns).

gelatine the Stinger (Demonspawn Venom Mage)        Turns: 2237, Time: 00:05:51

Health: 0/24       AC:  2    Str:  8    XL:     3   Next: 85%
Magic:  2/6        EV:  9    Int: 18    God:    Kikubaaqudgha [**....]
Gold:   73         SH:  0    Dex: 13    Spells: 4/6 levels left

rFire   . . .      SeeInvis .   d - +0 whip
rCold   . . .      Faith    .   (no shield)
rNeg    . . .      Spirit   .   a - +0 robe
rPois   .          Reflect  .   (helmet restricted)
rElec   .          Harm     .   (no cloak)
rCorr   .          Rampage  .   (no gloves)
Will    .....                   (no boots)
Stlth   ++........              (no amulet)
HPRegen 0.08/turn               (no ring)
MPRegen 0.20/turn               (no ring)

@: constricted
A: antennae 1, magic regeneration
a: Renounce Religion, Unearth Wretches


You were on level 3 of the Dungeon.
You worshipped Kikubaaqudgha.
Kikubaaqudgha was pleased with you.
You visited 1 branch of the dungeon, and saw 3 of its levels.

You collected 73 gold pieces.

Inventory:

Hand Weapons
 d - a +0 whip (weapon)
 i - a +2 sling of freezing
Armour
 a - a +0 robe (worn)
Scrolls
 c - a scroll of silence {unknown}
 e - a scroll of immolation {unknown}
 f - 5 scrolls of identify {unknown}
 h - 2 scrolls of enchant weapon {unknown}
 j - a scroll of brand weapon {unknown}
 m - 3 scrolls of blinking {unknown}
 n - a scroll of butterflies {unknown}
 o - a scroll of enchant armour {unknown}
Potions
 b - a potion of magic
 g - a potion of mutation {unknown}
 k - 2 potions of curing {unknown}
 l - a potion of haste {unknown}
 p - a potion of heal wounds {unknown}


   Skills:
 + Level 1.9 Dodging
 + Level 1.8 Stealth
 + Level 0.1 Unarmed Combat
 + Level 2.3 Spellcasting
 * Level 1.2 Necromancy
 + Level 1.7 Transmutations
 + Level 3.7 Poison Magic


You had 4 spell levels left.
You knew the following spells:

 Your Spells              Type           Power      Damage    Failure   Level
a - Sting                 Tmut/Pois      48%        1d5       5%          1
b - Necrotise             Necr           24%        1d5       11%         1

Your spell library contained the following spells:

 Spells                   Type           Power      Damage    Failure   Level
 Poisonous Vapours        Pois/Air       16%        N/A       12%         2
 Sublimation of Blood     Necr           6%         N/A       16%         2
 Mephitic Cloud           Conj/Pois/Air  6%         N/A       30%         3
 Olgreb's Toxic Radiance  Pois           15%        N/A       36%         4
 Summon Guardian Golem    Hex/Summ       2%         N/A       45%         3
 Animate Dead             Necr           6%         N/A       71%         4
 Anguish                  Hex/Necr       2%         N/A       80%         4
 Orb of Destruction       Conj           1%         9d5       100%        7
 Spellforged Servitor     Conj/Summ      1%         N/A       100%        7


Dungeon Overview and Level Annotations

Branches:
Dungeon (3/15)

Altars:
Kikubaaqudgha

Shops:
D:2 *


Innate Abilities, Weirdness & Mutations

You have a pair of small antennae on your head.
You regenerate magic rapidly.


Message History

You barely miss the adder.
The adder is lightly wounded.
The giant cockroach bites you but does no damage.
The adder closely misses you.
You closely miss the adder.
The adder is lightly wounded.
The adder bites you but does no damage.
The giant cockroach bites you but does no damage.
The ball python closely misses you. The ball python grabs you.
The ball python constricts you.
You closely miss the adder.
The adder is lightly wounded.
The adder bites you. The giant cockroach bites you. The ball python bites you.
The ball python constricts you. The adder closely misses you.
The giant cockroach misses you.
You hit the adder.
The adder is moderately wounded.
The ball python bites you. The ball python constricts you.
The adder bites you but does no damage. The giant cockroach closely misses you.
You hit the adder but do no damage.
The adder is moderately wounded.
The adder bites you but does no damage. The ball python misses you.
The ball python constricts you. The adder bites you. The ball python bites you.
The ball python constricts you.
You hit the adder.
The adder is severely wounded.
The giant cockroach bites you.
* * * LOW HITPOINT WARNING * * *
The orc hits you with a +0 whip.
* * * LOW HITPOINT WARNING * * *
The adder bites you but does no damage. The ball python closely misses you.
The ball python constricts you.
* * * LOW HITPOINT WARNING * * *
The giant cockroach barely misses you.
You hit the adder.
The adder is almost dead.
The adder completely misses you. The orc completely misses you.
The ball python bites you.
You die...
Kikubaaqudgha rasps: "You have failed me!
Welcome... death!"

#...≈≈ ≈≈...#
.§.§≈# #≈≈...#
..≈≈# #≈≈..§##
.§≈# #≈§..§# $
.§# #≈..§### 8.
.≈# #≈...'.##.##
.## ##..B'.....#
.≈# #≈.SoSo.#
.≈##
##≈.B@#{......
.≈≈##
##≈≈..≈#Bo.....
..≈≈##
##≈≈...##...{...
...§§#####≈≈..§##
.......
#.§§≈§≈#≈≈≈...##
.......
##...........##
.......
##.........##
.......
##§.....≈##
#########


You could see an adder, 2 orcs, 2 giant cockroaches and a ball python.

Vanquished Creatures
  2 adders (D:2)
  3 dart slugs
  An orc (D:3)
  4 bats
  3 endoplasms (D:2)
  2 giant cockroaches (D:1)
  A goblin (D:1)
  2 hobgoblins
  2 jackals (D:1)
  8 kobolds
  2 ball pythons
  3 frilled lizards
  3 rats
36 creatures vanquished.

Notes
Turn   | Place    | Note
-------+----------+-------------------------------------------
     0 | D:1      | gelatine the Demonspawn Venom Mage began the quest for the
                  | Orb.
     0 | D:1      | Reached XP level 1. HP: 13/13 MP: 3/3
   552 | D:1      | Gained mutation: You have a pair of small antennae on your
                  | head. [demonic ancestry]
   552 | D:1      | Reached XP level 2. HP: 19/19 MP: 0/5
   634 | D:1      | Reached skill level 1 in Transmutations
   766 | D:1      | Found a faded altar of an unknown god.
   786 | D:1      | Prayed at the altar of an unknown god.
   786 | D:1      | Became a worshipper of Kikubaaqudgha
   786 | D:1      | Reached * piety under Kikubaaqudgha
   786 | D:1      | Received a gift from Kikubaaqudgha
  1263 | D:2      | Found Atrurix's Assorted Antiques.
  1410 | D:2      | Gained mutation: You regenerate magic rapidly. [demonic
                  | ancestry]
  1410 | D:2      | Reached XP level 3. HP: 24/24 MP: 2/6
  1687 | D:2      | Reached skill level 1 in Necromancy
  2220 | D:3      | Learned a level 1 spell: Necrotise
  2227 | D:3      | Reached ** piety under Kikubaaqudgha
  2236 | D:3      | HP: 1/24 [constriction (1)]
  2237 | D:3      | Slain by a ball python

Illustrated notes

Levels and vault maps discovered:
D:1:      saegor_arrival_simple_d, layout_rooms,
          dreamdust_ecumenical_altar_statues
D:2:      layout_loops_ring, serial_shops, shop
D:3:      layout_basic, lemuel_round_altar, jmf_multi_god_temple,
          kennysheep_donut

Skill      XL: |  1  2  3 |
---------------+----------+-----
Transmutations | 1 |  1.7
Necromancy     | 1 |  1.2
Dodging        | |  1.9
Stealth        | |  1.8
Unarmed Combat | |  0.1
Spellcasting   | |  2.3
Poison Magic   | |  3.7

Action                   || total
-------------------------++-------
Melee: Unarmed           ||    11
       Whip              ||    12
 Cast: Sting             ||    76
       Necrotise         ||     7
  Use: Potion            ||     1
Armor: Robe              ||    20
Dodge: Dodged            ||    47
